 Dungeon Crawl Stone Soup version 0.32-a0-825-g0e82a1035d (webtiles) character file.

Game seed: 16264914652840702110

34659 Essalna the Frost Mage (level 13, 0/108 HPs)
             Began as a Demonspawn Fire Elementalist on Mar 25, 2024.
             Was a Believer of Vehumet.
             Killed from afar by an efreet (8 damage)
             ... with a fireball
             ... in a Gauntlet.
             The game lasted 00:45:04 (16640 turns).

Essalna the Frost Mage (DsFE)                      Turns: 16640, Time: 00:45:05

Health: 0/108      AC: 13    Str:  8    XL:     13   Next: 43%
Magic:  28/28      EV:  9    Int: 27    God:    Vehumet [**....]
Gold:   1083       SH:  6    Dex: 10    Spells: 7/20 levels left

rFire   + + .        O - +6 spear of Gozag's Displeasure {venom, rPois Will+ Stlth+}
rCold   + + .        M - +2 buckler {AC+3}
rNeg    . . .        L - +0 troll leather armour
rPois   +            g - +2 hat "Xuvvis" {Rampage rCorr MP+9}
rElec   +            w - +0 cloak
rCorr   +            (no gloves)
SInv    .            s - +0 pair of boots
Will    +....        (no amulet)
Stlth   ++           B - ring of protection from fire
HPRegen 1.18/turn    W - ring of Xaggol {Fly rElec rC+ Int+6 Dex-4}
MPRegen 0.21/turn

%: no teleportation, rampage
@: resistant, flying
A: antennae 2, rugged brown scales 3, powered by death 1, spiny 2
a: Renounce Religion


You were in a Gauntlet.
You worshipped Vehumet.
Vehumet was pleased with you.
You visited 3 branches of the dungeon, and saw 18 of its levels.
You also visited: Bailey and Gauntlet.

You collected 1083 gold pieces.

Inventory:

Hand Weapons
 c - a +0 short sword
 v - a +3 rapier of venom
 O - the +6 spear of Gozag's Displeasure (weapon) {venom, rPois Will+ Stlth+}
   (You found it on level 9 of the Dungeon)

   rPois:     It protects you from poison.
   Will+:     It increases your willpower.
   Stlth+:    It makes you more stealthy.
Missiles
 q - a throwing net
Armour
 a - a +0 robe
 b - a +2 robe of willpower
 g - the +2 hat "Xuvvis" (worn) {Rampage rCorr MP+9}
   (You acquired it on level 9 of the Dungeon)

   MP+9:      It affects your magic capacity (+9).
   rCorr:     It protects you from acid and corrosion.
   Rampage:   It bestows one free step when moving towards enemies.
 s - a +0 pair of boots (worn)
 w - a +0 cloak (worn)
 J - an orb of energy
 L - a +0 troll leather armour (worn)
 M - a +2 buckler of protection (worn)
Magical Staves
 u - a staff of fire
 T - a staff of conjuration
Jewellery
 e - a ring of ice
 k - a +4 ring of protection
 p - a +4 ring of slaying
 y - a ring of willpower
 B - a ring of protection from fire (left hand)
 V - a ring of willpower
 W - the ring of Xaggol (right hand) {Fly rElec rC+ Int+6 Dex-4}
   (You found it in a Gauntlet)

   [ring of intelligence]

   Int+6:     It affects your intelligence (+6).
   Dex-4:     It affects your dexterity (-4).
   rC+:       It protects you from cold.
   rElec:     It insulates you from electricity.
   Fly:       It grants you flight.
Wands
 I - a wand of warping (21)
 N - a wand of charming (5)
 Q - a wand of flame (3)
 R - a wand of polymorph (4)
 S - a wand of mindburst (5)
Scrolls
 f - 6 scrolls of teleportation
 h - a scroll of revelation
 i - 2 scrolls of poison {unknown}
 l - 3 scrolls of immolation {unknown}
 r - a scroll of noise {unknown}
 z - a scroll of butterflies
 A - a scroll of fear {unknown}
 D - 4 scrolls of fog {unknown}
 F - 2 scrolls of blinking {unknown}
 G - a scroll of brand weapon {unknown}
 H - a scroll of enchant armour {unknown}
Potions
 d - 5 potions of curing
 j - 2 potions of resistance
 m - 3 potions of degeneration
 n - 6 potions of heal wounds
 o - 4 potions of attraction
 t - 2 potions of magic
 x - 4 potions of brilliance
 C - 4 potions of haste
 E - 2 potions of mutation
 P - 2 potions of invisibility
 U - a potion of cancellation


   Skills:
 - Level 9.3 Fighting
 - Level 1.7 Dodging
 - Level 1.7 Stealth
 - Level 4.0 Shields
 - Level 4.0 Spellcasting
 - Level 6.0 Conjurations
 - Level 9.3 Fire Magic
 + Level 11.3 Ice Magic
 + Level 11.3 Earth Magic


You had 7 spell levels left.
You knew the following spells:

 Your Spells              Type           Power      Damage    Failure   Level
a - Foxfire               Conj/Fire      100%       2x1d9     1%          1
b - Scorch                Fire           100%       2d9       1%          2
c - Flame Wave            Conj/Fire      46%        2d12      8%          4
d - Permafrost Eruption   Ice/Erth       30%        2x4d9     26%         6

Your spell library contained the following spells:

 Spells                   Type           Power      Damage    Failure   Level
 Mephitic Cloud           Conj/Alch/Air  16%        N/A       22%         3
 Freeze                   Ice            100%       1d10      1%          1
 Sandblast                Erth           100%       2d20      1%          1
 Frozen Ramparts          Ice            100%       1d16      1%          3
 Hailstorm                Conj/Ice       51%        3d10      1%          3
 Passwall                 Erth           61%        N/A       1%          3
 Stone Arrow              Conj/Erth      100%       3d13      1%          3
 Ensorcelled Hibernation  Hex/Ice        72%        N/A       2%          2
 Kiss of Death            Conj/Necr      84%        2d11      4%          1
 Shock                    Conj/Air       84%        1d8       4%          1
 Brom's Barrelling Bould  Conj/Erth      51%        2d7       4%          4
 Lee's Rapid Deconstruct  Erth           30%        3d16*     4%          5
 Inner Flame              Hex/Fire       30%        N/A       8%          3
 Volatile Blastmotes      Fire/Tloc      60%        2d15      8%          3
 Dazzling Flash           Conj/Hex       42%        N/A       16%         3
 Leda's Liquefaction      Alch/Erth      18%        N/A       17%         4
 Jinxbite                 Hex            10%        N/A       26%         2
 Lesser Beckoning         Tloc           10%        N/A       26%         2
 Ignite Poison            Fire/Alch      30%        N/A       26%         4
 Call Canine Familiar     Summ           5%         N/A       45%         3
 Confusing Touch          Hex            5%         N/A       45%         3
 Gell's Gravitas          Tloc           5%         N/A       45%         3
 Sigil of Binding         Hex            5%         N/A       45%         3
 Swiftness                Air            5%         N/A       45%         3
 Teleport Other           Tloc           5%         N/A       45%         3
 Bombard                  Conj/Erth      25%        9d5       58%         6
 Starburst                Conj/Fire      23%        6d8       75%         6
 Airstrike                Air            2%         2d(1-17)  86%         4
 Dimensional Bullseye     Hex/Tloc       2%         N/A       86%         4
 Dispel Undead            Necr           5%         3d7       86%         4
 Alistair's Intoxication  Alch           3%         N/A       99%         5
 Yara's Violent Unravell  Hex/Alch       2%         3d3       99%         5
 Enfeeble                 Hex            2%         N/A       100%        7
 Maxwell's Capacitive Co  Air            2%         ∞         100%        8


Dungeon Overview and Level Annotations

Branches:
Dungeon (12/15)            Temple (1/1) D:4            Lair (5/5) D:8
  Swamp (0/4) Lair:2        Snake (0/4) Lair:3        Slime (0/5) Lair:4
    Orc (0/2) D:10         Bailey (visited)         Gauntlet (1/1)

Altars:
Ashenzari
Cheibriados
Dithmenos
Fedhas
Gozag
Hepliaklqana
Kikubaaqudgha
Makhleb
Nemelex Xobeh
Okawaru
Qazlal
Ru
Sif Muna
Trog
Uskayaw
Vehumet
Wu Jian
Xom
Yredelemnul

Shops:
D:1 :   D:4 :=?   D:7 ?

Annotations:
D:7 3 runed translucent doors, makewrite's ghost, novice MiGl Gauntlet 9 transporters, exclusions: ice statue and oklob plant


Innate Abilities, Weirdness & Mutations

You have a pair of antennae on your head.
You are completely covered in rugged brown scales. (AC +3, +7% HP)
You regenerate a little health from kills.
You are mostly covered in sharp spines.


Message History

You hit the efreet.
The efreet is lightly wounded.
The efreet gestures at you.
The fireball explodes!
The fireball engulfs you! You resist.
The fireball engulfs the efreet.
The efreet completely resists.
The efreet closely misses you.
You hit the efreet but do no damage.
The efreet is lightly wounded.
The efreet gestures at you. The bolt of fire hits you. You resist.
You hit the efreet but do no damage.
The efreet is poisoned.
The efreet is lightly wounded.
The efreet hits you with a +4 scimitar of flaming!
* * * LOW HITPOINT WARNING * * *
The efreet burns you.
* * * LOW HITPOINT WARNING * * *
The white imp lashes its tail.
You hit the efreet.
The efreet is moderately wounded.
The efreet closely misses you.
You barely miss the efreet.
The efreet is heavily wounded.
The efreet gestures at you. The bolt of fire hits you. You resist.
* * * LOW HITPOINT WARNING * * *
You hit the efreet.
The efreet looks as sick as possible!
The efreet is heavily wounded.
The efreet is struck by your spines. The efreet barely misses you.
You hit the efreet but do no damage.
The efreet is severely wounded.
The efreet is struck by your spines.
The efreet hits you with a +4 scimitar of flaming!!
* * * LOW HITPOINT WARNING * * *
The efreet burns you.
* * * LOW HITPOINT WARNING * * *
You barely miss the efreet.
The efreet is almost dead.
The efreet gestures at you.
The fireball explodes!
The fireball engulfs you! You resist.
You die...

###........#©#.......#©#.......
#ß#..###########...###########.
###..#.........#...#|...≈≈...#.
#....#..##.##..#...#.≈≈≈..≈≈.#.
###....#.##.○.##.#...#≈.≈..≈..≈#.
#ß#..###.#○.○..#[#...#=..≈≈.≈.≈##
###..#©#○.R.©.○.©#...#©..≈©.≈≈.#©
#..#.#°#....○#R#...#5≈.≈≈....#.
###..#.#○##...##@#...#2. ..≈≈..#.
#ß#..#.#..##.##..#...#≈≈ ≈≈.≈≈5#.
###..#.#.........#...#.. ≈...2#.
.....#.###########...### ######.
.....#.#...........≈.... ....#.
######.#######....≈ß≈... #####.
©...........©#.....≈.... ......
##################...### #####
©....#≈#gg|!©....#.. ...#≈


You could see a blizzard demon, an efreet (extremely poisoned) and a white imp.

Vanquished Creatures
  Snorg (D:10)
  A two-headed ogre (D:10)
  2 boulder beetles
  A tengu warrior (D:9)
  A skyshark (Lair:5)
  Nergalle (Lair:1)
  Amaemon (Lair:2)
  A deep elf archer (D:9)
  8 deep elf pyromancers
  An ugly thing (D:11)
  2 cyclopes (D:11)
  A moth of wrath (Gauntlet)
  2 black mambas
  Joseph (D:9)
  A cane toad (shapeshifter) (D:9)
  An orange demon (Lair:2)
  5 cane toads
  3 komodo dragons
  Jeremiah (D:8)
  3 kobold demonologists
  A queen bee (Gauntlet)
  A troll (D:8)
  2 polar bears
  A hornet (D:9)
  A raiju (shapeshifter) (D:9)
  4 blink frogs (Lair:5)
  A blink frog (shapeshifter) (D:9)
  Sigmund (D:2)
  3 wyverns
  32 yaks
  5 fire bats (D:9)
  A shadow (D:9)
  A vampire (D:7)
  A basilisk (Lair:1)
  2 wraiths
  A steam dragon (D:7)
  2 fire elementals (Gauntlet)
  An acid dragon (D:8)
  Edmund (D:5)
  2 nagas (Lair:3)
  A hell hound (Gauntlet)
  14 water moccasins
  A sky beast (D:9)
  7 ice beasts
  2 black bears (Lair:2)
  13 orc warriors
  6 ogres
  3 centaurs
  25 wolves
  Blork the orc (D:5)
  4 kobold brigands
  10 bullfrogs
  A scorpion (D:5)
  4 wights (D:9)
  14 killer bees
  A howler monkey (D:6)
  13 electric eels
  A crimson imp (D:10)
  A jelly (D:6)
  A gnoll bouda (D:5)
  A bombardier beetle (D:4)
  7 orc priests
  6 hounds
  A sleepcap (D:8)
  2 iguanas
  16 orc wizards
  5 hell rats (Lair:2)
  9 adders
  14 gnolls
  8 shadow imps
  4 white imps
  3 ufetubi
  3 ribbon worms (D:2)
  32 orcs
  4 bats
  3 endoplasms
  3 giant cockroaches
  9 goblins
  8 hobgoblins
  30 kobolds
  3 quokkas
  11 ball pythons
  3 frilled lizards
  9 rats
419 creatures vanquished.

Vanquished Creatures (collateral kills)
  41 foxfires
41 creatures vanquished.

Vanquished Creatures (others)
  A golden eye (shapeshifter) (D:9)
  1078 foxfires
1079 creatures vanquished.

Grand Total: 1539 creatures vanquished

Notes
Turn   | Place    | Note
-------+----------+-------------------------------------------
     0 | D:1      | Essalna the Demonspawn Fire Elementalist began the quest
                  | for the Orb.
     0 | D:1      | Reached XP level 1. HP: 13/13 MP: 3/3
    33 | D:1      | Found Metuq's Book Shop.
   259 | D:1      | Gained mutation: You are partially covered in rugged brown
                  | scales. (AC +1, +3% HP) [demonic ancestry]
   259 | D:1      | Reached XP level 2. HP: 14/20 MP: 1/5
   587 | D:1      | Found a faded altar of an unknown god.
   820 | D:1      | Reached skill level 1 in Fighting
  1201 | D:2      | Reached XP level 3. HP: 21/26 MP: 1/6
  1371 | D:2      | Noticed Sigmund
  1384 | D:2      | Killed Sigmund
  1385 | D:2      | Gained mutation: You are mostly covered in rugged brown
                  | scales. (AC +2, +5% HP) [demonic ancestry]
  1385 | D:2      | Reached XP level 4. HP: 28/35 MP: 3/8
  1385 | D:2      | Gained mutation: You are completely covered in rugged brown
                  | scales. (AC +3, +7% HP) [demonic ancestry]
  1385 | D:2      | Reached XP level 5. HP: 28/41 MP: 3/9
  1439 | D:2      | Found a basalt altar of Yredelemnul.
  1916 | D:2      | Identified the +0 robe of Festooned Creativity {rPois Str+4
                  | Dex-2 SInv}
  1973 | D:2      | Gained mutation: You are partially covered in sharp spines.
                  | [demonic ancestry]
  1973 | D:2      | Reached XP level 6. HP: 49/49 MP: 4/10
  2922 | D:3      | Learned a level 2 spell: Scorch
  3028 | D:3      | Found a hazy altar of Hepliaklqana.
  3198 | D:4      | Found Xoqeseo's Jewellery Shoppe.
  3199 | D:4      | Found Lunk's Book Shoppe.
  3321 | D:4      | Found a staircase to the Ecumenical Temple.
  3329 | D:4      | Reached XP level 7. HP: 51/55 MP: 6/12
  3382 | Temple   | Entered the Ecumenical Temple
  3428 | D:4      | Found Meolen's Magic Scroll Shop.
  3887 | D:5      | Entered Level 5 of the Dungeon
  4330 | D:5      | Reached skill level 5 in Fire Magic
  4581 | D:5      | Noticed Blork the orc
  4587 | D:5      | Killed Blork the orc
  4881 | D:5      | Noticed Edmund
  4890 | D:5      | Killed Edmund
  4891 | D:5      | Reached skill level 5 in Fighting
  4891 | D:5      | Gained mutation: You have a pair of small antennae on your
                  | head. [demonic ancestry]
  4891 | D:5      | Reached XP level 8. HP: 66/66 MP: 4/14
  5267 | D:6      | Learned a level 4 spell: Flame Wave
  5368 | D:6      | Found a stormy altar of Qazlal.
  5827 | D:6      | Reached skill level 5 in Conjurations
  6263 | D:7      | Reached XP level 9. HP: 65/75 MP: 2/15
  6471 | D:7      | Noticed a deep elf pyromancer
  6486 | D:7      | Killed a deep elf pyromancer
  6590 | D:7      | Found a broken altar of Ashenzari.
  6657 | D:7      | Found a runed translucent gate.
  6659 | D:7      | Found a runed translucent gate.
  6661 | D:7      | Found a runed translucent gate.
  6662 | D:7      | Noticed makewrite's ghost (novice MiGl)
  7049 | D:7      | Found Ixaef's Magic Scroll Emporium.
  7453 | D:7      | Noticed a deep elf pyromancer
  7462 | D:7      | Killed a deep elf pyromancer
  7463 | D:7      | Gained mutation: You are mostly covered in sharp spines.
                  | [demonic ancestry]
  7463 | D:7      | Reached XP level 10. HP: 76/87 MP: 7/16
  7542 | D:7      | Noticed a deep elf pyromancer
  7557 | D:7      | Killed a deep elf pyromancer
  7715 | D:7      | Found the +3 hat of Pondering {ponderous, Will+ MP+10
                  | Int+5}
  7761 | D:8      | Found a flagged portal.
  7776 | Bailey   | Entered a bailey
  7903 | Bailey   | Noticed an orc warlord
  8017 | Bailey   | Found a runed translucent gate.
  8020 | Bailey   | Found a runed translucent gate.
  8022 | Bailey   | Found a runed translucent gate.
  8361 | D:8      | Learned a level 6 spell: Permafrost Eruption
  8476 | D:8      | Noticed Jeremiah
  8489 | D:8      | Killed Jeremiah
  8490 | D:8      | Reached skill level 1 in Ice Magic
  8490 | D:8      | Reached skill level 1 in Earth Magic
  9449 | D:8      | Found a staircase to the Lair.
  9820 | D:9      | Paralysed by a hornet for 2 turns
 10045 | D:9      | Noticed a deep elf pyromancer
 10048 | D:9      | Noticed a tengu warrior
 10108 | D:9      | Noticed Joseph
 10110 | D:9      | Gained mutation: You have a pair of antennae on your head.
                  | [demonic ancestry]
 10110 | D:9      | Reached XP level 11. HP: 76/95 MP: 11/17
 10112 | D:9      | Killed a tengu warrior
 10113 | D:9      | Reached skill level 5 in Ice Magic
 10113 | D:9      | Reached skill level 5 in Earth Magic
 10114 | D:9      | Killed Joseph
 10119 | D:9      | Killed a deep elf pyromancer
 10289 | D:9      | Acquired the +2 hat "Xuvvis" {Rampage rCorr MP+9}
 10348 | D:10     | Entered Level 10 of the Dungeon
 10355 | D:10     | Noticed a two-headed ogre
 10364 | D:10     | Killed a two-headed ogre
 10365 | D:10     | Reached skill level 1 in Shields
 10550 | D:10     | Got the Parchment of the Differential Geologist
 10611 | D:10     | Noticed Snorg
 10628 | D:10     | Killed Snorg
 11069 | D:9      | Noticed a deep elf pyromancer
 11076 | D:9      | Killed a deep elf pyromancer
 11127 | D:9      | Noticed a deep elf archer
 11127 | D:9      | Noticed a deep elf pyromancer
 11145 | D:9      | Killed a deep elf archer
 11148 | D:9      | Killed a deep elf pyromancer
 11297 | D:9      | Noticed a deep elf pyromancer
 11303 | D:9      | Killed a deep elf pyromancer
 11387 | D:9      | Noticed a deep elf pyromancer
 11409 | D:9      | Killed a deep elf pyromancer
 11514 | D:9      | Gained mutation: You regenerate a little health from kills.
                  | [demonic ancestry]
 11514 | D:9      | Reached XP level 12. HP: 97/101 MP: 18/18
 11602 | D:9      | Identified the +6 spear of Gozag's Displeasure {venom,
                  | rPois Will+ Stlth+}
 11943 | D:10     | Found a staircase to the Orcish Mines.
 12327 | D:10     | Found a radiant altar of Vehumet.
 12328 | D:10     | Found a burning altar of Makhleb.
 12354 | D:10     | Became a worshipper of Vehumet
 12467 | D:10     | Found a sacrificial altar of Ru.
 12875 | D:11     | Noticed a boulder beetle
 12892 | D:11     | Killed a boulder beetle
 13521 | Lair:1   | Entered Level 1 of the Lair of Beasts
 14076 | Lair:1   | Reached * piety under Vehumet
 14076 | Lair:1   | Offered knowledge of Magic Dart by Vehumet.
 14207 | Lair:1   | Noticed Nergalle
 14214 | Lair:1   | Killed Nergalle
 14377 | Lair:1   | Reached skill level 10 in Ice Magic
 14377 | Lair:1   | Reached skill level 10 in Earth Magic
 14887 | Lair:2   | Found a staircase to the Swamp.
 15072 | Lair:2   | Reached XP level 13. HP: 81/108 MP: 18/19
 15489 | Lair:2   | Noticed Amaemon
 15496 | Lair:2   | Reached ** piety under Vehumet
 15496 | Lair:2   | Offered knowledge of Momentum Strike by Vehumet.
 15502 | Lair:2   | Killed Amaemon
 15868 | Lair:3   | You fall into a shaft and drop 2 floors!
 15868 | Lair:5   | Entered Level 5 of the Lair of Beasts
 15944 | Lair:5   | HP: 1/108 [skyshark (6)]
 15974 | Lair:3   | Found a staircase to the Snake Pit.
 16161 | Lair:3   | Found a gate leading to a gauntlet.
 16170 | Gauntlet | Entered a Gauntlet
 16170 | Gauntlet | Found a transporter.
 16170 | Gauntlet | Found a transporter.
 16175 | Gauntlet | Found a transporter.
 16190 | Gauntlet | Found a transporter.
 16206 | Gauntlet | Found a transporter.
 16219 | Gauntlet | Found a transporter.
 16231 | Gauntlet | Noticed a blizzard demon
 16235 | Gauntlet | Found a transporter.
 16301 | Gauntlet | Found a transporter.
 16316 | Gauntlet | Found a transporter.
 16332 | Gauntlet | Found a transporter.
 16345 | Gauntlet | Found a transporter.
 16361 | Gauntlet | Found a transporter.
 16428 | Gauntlet | Found a transporter.
 16556 | Gauntlet | Offered knowledge of Mephitic Cloud by Vehumet.
 16569 | Gauntlet | Identified the ring of Xaggol {Fly rElec rC+ Int+6 Dex-4}
 16579 | Gauntlet | Found a transporter.
 16640 | Gauntlet | Killed from afar by an efreet

Illustrated notes

Levels and vault maps discovered:
D:1:      scummos_arrival_star, layout_loops_cross, serial_shops, shop,
          ebering_ecumenical_altar_hall, minmay_tetromino_o4
D:2:      layout_loops_ring, basic_altar, uniq_sigmund
D:3:      layout_basic, mainiacjoe_overflow_brackets
D:4:      layout_basic, minmay_temple_entry_proselytizer, serial_shops, shop,
          shop, shop, fountainhead, minmay_tree_intersection
D:5:      layout_cave_pods, serial_demonic, serial_demonic_a, serial_demonic_d,
          serial_demonic_g, serial_demonic_d, uniq_edmund, uniq_blork_the_orc
D:6:      layout_loops_ring, grunt_qazlal_sundering, minmay_misc_feat_hallway,
          minmay_misc_feat_pillars
D:7:      layout_loops_cross, mainiacjoe_overflow_surrounded_room,
          biasface_ghost_orc_armoury, serial_shops, nicolae_shop_tiny_glass,
          st_stairs_1, serial_library_hellmonk_octagon
D:8:      layout_gridville, erik_lair_island, enter_bailey_5, serial_bayou,
          serial_bayou_shore_a, serial_bayou_crossing, serial_bayou_lake_a,
          serial_bayou_lagoon_b, serial_bayou_ford_a, serial_bayou_lagoon_a,
          uniq_jeremiah
D:9:      dpeg_index_elf_rogue_hall, layout_cross,
          nicolae_tso_swordbearing_angel, minivault_20, uniq_joseph
D:10:     layout_irregular_city, nicolae_ru_path_of_blood,
          grunt_temple_overflow_lords_of_destruction, erik_orc_2, uniq_snorg
D:11:     layout_cave_pools
D:12:     layout_loops_ring, serial_shops, nicolae_shop_overgrown_old_shop
Temple:   regret_index_temple_waves
Lair:1:   layout_regular_city, uniq_nergalle
Lair:2:   layout_cave_pods, minmay_swamp_entry_eels, beast_lair_carwin_3,
          grunt_megastairs_1, lemuel_fruit_fields, uniq_amaemon
Lair:3:   layout_cave_pods, guppyfry_snake_entry_island, gauntlet_entry_generic,
          nicolae_lair_lindhole
Lair:4:   layout_loops_ring, slime_entry_1, patterned_corridor
Lair:5:   minmay_lair_end_enchanted_forest, layout_regular_city, serial_forest,
          infiniplex_forest_lined_2, infiniplex_forest_straight_2,
          infiniplex_forest_straight_2, infiniplex_forest_lined_room_2,
          infiniplex_forest_end_2, infiniplex_forest_clump_curved,
          infiniplex_forest_clump_long, grunt_megastairs_5
Gauntlet: gammafunk_gauntlet_branching [gammafunk_gauntlet_arena_hedges,
          nicolae_gauntlet_arena_x, gammafunk_gauntlet_arena_crates,
          nicolae_gauntlet_arena_grate_2, gammafunk_gauntlet_arena_teeth,
          gammafunk_gauntlet_arena_grid, gammafunk_gauntlet_arena_split_diamond,
          nicolae_gauntlet_arena_flowing_pool, gauntlet_exit_watery]

Skill      XL: |  1  2  3  4  5  6  7  8  9 10 11 12 13 |
---------------+----------------------------------------+-----
Fighting       | 1 2 3 5 6 8 9 |  9.3
Fire Magic     | 3 4 5 6 8 9 |  9.3
Spellcasting   | 3 4 |  4.0
Conjurations   | 2 3 4 5 6 |  6.0
Ice Magic      | 4 7 10 11 | 11.3
Earth Magic    | 4 7 10 11 | 11.3
Shields        | 4 |  4.0
Dodging        | |  1.7
Stealth        | |  1.7

Action                     |  1- 3 |  4- 6 |  7- 9 | 10-12 | 13-15 || total
---------------------------+-------+-------+-------+-------+-------++-------
  Melee: Short sword       |    52 |    54 |       |       |       ||   106
         Staff             |       |     1 |    10 |   106 |       ||   117
         Spear             |       |       |       |   132 |    51 ||   183
   Cast: Foxfire           |    45 |    81 |   185 |   287 |    40 ||   638
         Scorch            |       |     4 |    19 |    45 |    20 ||    88
         Flame Wave        |       |       |     5 |    42 |    13 ||    60
    Use: Potion            |     1 |       |       |       |     5 ||     6
         Scroll            |       |     4 |     1 |     5 |    13 ||    23
   Stab: Sleeping          |     1 |       |       |     5 |       ||     6
 Armour: Robe              |    33 |   102 |    34 |    43 |       ||   212
         Troll leather arm |       |       |       |   386 |   123 ||   509
  Dodge: Dodged            |    30 |    44 |    24 |   221 |    50 ||   369
  Block: Buckler           |       |       |       |   124 |    43 ||   167

Table legend: (Time is in decaauts)
 A = Elapsed time spent in this place.
 B = Non-inter-level travel time spent in this place.
 C = Inter-level travel time spent in this place.
 D = Time resting spent in this place.
 E = Time spent auto-exploring this place.
 F = Levels seen in this place.
 G = Mean time per level.
                   A        B        C        D        E       F      G
               +--------+--------+--------+--------+--------+-----+--------+
         Total |  16803 |  15965 |    838 |    528 |  12595 |  20 |  840.2 |
       Dungeon |  13067 |  12446 |    621 |    299 |  10237 |  12 | 1088.9 |
        Temple |      1 |      1 |      0 |      0 |      0 |   1 |    1.0 |
          Lair |   2677 |   2461 |    216 |      0 |   1903 |   5 |  535.4 |
        Bailey |    585 |    585 |      0 |    167 |    217 |   1 |  585.0 |
      Gauntlet |    471 |    471 |      0 |     62 |    237 |   1 |  471.0 |
               +--------+--------+--------+--------+--------+-----+--------+

Top non-repeatable levels by time:
     D:8: 1811 daAuts
    D:10: 1532 daAuts
     D:2: 1441 daAuts
     D:7: 1406 daAuts
  Lair:2: 1365 daAuts
     D:9: 1298 daAuts
     D:5: 1268 daAuts
     D:6: 1179 daAuts
     D:1: 1116 daAuts
  Lair:1: 1013 daAuts
     D:4: 696 daAuts
     D:3: 629 daAuts
    D:11: 598 daAuts
  Bailey: 585 daAuts
Gauntlet: 471 daAuts
